 Dungeon Crawl Stone Soup version 0.27-a0-333-gfa571bf19a (webtiles) character file.

Game seed: 6868059907281919665

151 wakim the Cutter (level 5, -8/32 HPs)
             Began as a Kobold Berserker on Feb 12, 2021.
             Was a Priest of Trog.
             Mangled by MartinH's ghost (9 damage)
             ... on level 3 of the Dungeon.
             The game lasted 00:14:48 (3487 turns).

wakim the Cutter (Kobold Berserker)                 Turns: 3487, Time: 00:14:48

Health: -8/32      AC:  5    Str: 14    XL:     5   Next: 60%
Magic:  5/5        EV: 15    Int:  9    God:    Trog [***...]
Gold:   160        SH:  4    Dex: 15    Spells: 4/4 levels left

rFire    . . .     SeeInvis .   a - +0 short sword
rCold    . . .     Faith    .   u - +0 buckler
rNeg     . . .     Spirit   .   q - +0 leather armour
rPois    .         Reflect  .   (no helmet)
rElec    .         Harm     .   (no cloak)
rCorr    .         Rampage  .   d - +0 pair of gloves
Will     .....                  m - +0 pair of boots
Stlth    ++++......             (no amulet)
HPRegen  0.10/turn              (no ring)
MPRegen  0.09/turn              (no ring)

@: berserk cooldown, slowed, very slow
A: small, nightstalker 3
a: Renounce Religion, Berserk, Trog's Hand


You were on level 3 of the Dungeon.
You worshipped Trog.
Trog was most pleased with you.
You visited 1 branch of the dungeon, and saw 3 of its levels.

You collected 160 gold pieces.

Inventory:

Hand Weapons
 a - a +0 short sword (weapon)
 b - a +0 dagger
Missiles
 g - 115 stones (quivered)
 s - 4 poisoned darts
Armour
 d - a +0 pair of gloves (worn)
 m - a +0 pair of boots (worn)
 p - a +0 kite shield
 q - a +0 leather armour (worn)
 u - a +0 buckler (worn)
Jewellery
 n - a +6 ring of intelligence {unknown}
Scrolls
 f - a scroll of amnesia {unknown}
 l - a scroll of immolation {unknown}
 t - a scroll of identify {unknown}
Potions
 c - 2 potions of might {unknown}
 e - 3 potions of magic {unknown}
 h - a potion of brilliance {unknown}
 i - 2 potions of curing {unknown}
 j - 3 potions of haste {unknown}
 k - 2 potions of heal wounds {unknown}
 o - a potion of flight {unknown}
 r - a potion of lignification {unknown}


   Skills:
 - Level 3.3 Fighting
 + Level 5.1 Short Blades
 + Level 1.7 Armour
 + Level 3.7 Dodging
 * Level 4.5 Stealth
 + Level 0.3 Shields


You had 4 spell levels left.
You didn't know any spells.
Your spell library was empty.

Dungeon Overview and Level Annotations

Branches:
Dungeon (3/15)

Altars:
Cheibriados
Dithmenos

Annotations:
D:3 MartinH's ghost, amateur DrEE


Innate Abilities, Weirdness & Mutations

You are small and have problems with some larger weapons.
You are completely attuned to the shadows.


Message History

MartinH's ghost is heavily damaged.
MartinH's ghost hits you but does no damage.
You hit MartinH's ghost.
MartinH's ghost is severely damaged.
MartinH's ghost closely misses you.
MartinH's ghost gestures at you while chanting.
The blast of sand hits you.
Your shield prevents you from hitting MartinH's ghost.
MartinH's ghost is severely damaged.
MartinH's ghost ripples.
MartinH's ghost misses you.
You hit MartinH's ghost.
MartinH's ghost is severely damaged.
MartinH's ghost gestures at you while chanting.
The blast of sand hits you but does no damage.
You hit MartinH's ghost but do no damage.
MartinH's ghost is severely damaged.
MartinH's ghost closely misses you. You block MartinH's ghost's attack.
You closely miss MartinH's ghost.
MartinH's ghost is severely damaged.
MartinH's ghost closely misses you.
You hit MartinH's ghost.
MartinH's ghost is almost destroyed.
MartinH's ghost shouts, "You must not succeed where I failed!"
MartinH's ghost misses you.
MartinH's ghost points at you and mumbles some strange words.
The blast of sand hits you.
* * * LOW HITPOINT WARNING * * *
You closely miss MartinH's ghost.
MartinH's ghost is almost destroyed.
MartinH's ghost hits you.
* * * LOW HITPOINT WARNING * * *
You hit MartinH's ghost.
MartinH's ghost is almost destroyed.
MartinH's ghost hits you!
* * * LOW HITPOINT WARNING * * *
You hit MartinH's ghost but do no damage.
MartinH's ghost is almost destroyed.
MartinH's ghost hits you!
You die...

#.# #..###...........####
#.# ##.# #...............
##.# ##.# #...........####
#..# #..# ####..........#
#.####..#########...[...##
#.# #...#.#.....#.........
#.# #.#...'≈≈≈≈(#.......##
#.# #.##.W#.....#.........
#.# #..#.@#######....).^..
#.# ##.#..................
#.# ##.......##.......#...
#.# #.....................
#.# #...>....##.....####.#
#.# #÷....†####.....## #.#
#.###.......###..>...# #..
#.##.........).......####.
#.##.####..#..#...........


You could see MartinH's ghost.

Vanquished Creatures
  An orc priest (D:3)
  2 adders (D:2)
  An ooze (D:1)
  5 worms
  3 dart slugs
  A leopard gecko (D:1)
  5 orcs (D:3)
  3 giant cockroaches
  8 hobgoblins
  7 jackals
  2 quokkas
  A ball python (D:3)
  2 bats
  8 frilled lizards (D:1)
  6 goblins
  10 kobolds
  12 rats
77 creatures vanquished.

Vanquished Creatures (others)
  5 plants (D:1)
5 creatures vanquished.

Grand Total: 82 creatures vanquished

Notes
Turn   | Place    | Note
-------+----------+-------------------------------------------
     0 | D:1      | wakim the Kobold Berserker began the quest for the Orb.
     0 | D:1      | Reached XP level 1. HP: 14/14 MP: 1/1
   245 | D:1      | Reached skill level 1 in Stealth
   250 | D:1      | Reached XP level 2. HP: 19/19 MP: 2/2
   436 | D:1      | Reached XP level 3. HP: 23/23 MP: 3/3
   608 | D:1      | Reached ** piety under Trog
  1225 | D:2      | Found a shadowy altar of Dithmenos.
  1598 | D:2      | Reached XP level 4. HP: 28/28 MP: 4/4
  2211 | D:2      | Found a snail-covered altar of Cheibriados.
  2707 | D:3      | Reached XP level 5. HP: 30/32 MP: 5/5
  2799 | D:3      | Reached *** piety under Trog
  2800 | D:3      | Reached skill level 5 in Short Blades
  2939 | D:3      | Found a runed translucent door.
  3454 | D:3      | Noticed MartinH's ghost (amateur DrEE)
  3486 | D:3      | HP: 1/32 [MartinH's ghost (7)]
  3487 | D:3      | Mangled by MartinH's ghost

Illustrated notes

Levels and vault maps discovered:
D:1:      dpeg_arrival_tiny_a, layout_loops_corners, minmay_lizard_king
D:2:      layout_rooms, lemuel_round_altar, overflow_temple_1_default,
          minmay_heptomino_w4
D:3:      layout_rooms, ebering_ghost_reflecting_pool

Skill      XL: |  1  2  3  4  5 |
---------------+----------------+-----
Stealth        | 1 2 3 4 |  4.5
Dodging        | 3 |  3.7
Short Blades   | 5 |  5.1
Fighting       | |  3.3
Armour         | |  1.7
Shields        | |  0.3

Action                   |  1- 3 |  4- 6 || total
-------------------------+-------+-------++-------
Melee: Short sword       |    79 |   139 ||   218
       Dagger            |     1 |       ||     1
Throw: Stone             |     3 |     3 ||     6
Invok: Berserk           |     2 |     5 ||     7
 Stab: Sleeping          |    16 |    14 ||    30
       Distracted        |     1 |     1 ||     2
Armor: Animal skin       |     3 |     8 ||    11
       Leather armour    |       |    10 ||    10
Dodge: Dodged            |    39 |    76 ||   115
Block: Buckler           |       |     5 ||     5
       Kite shield       |       |     2 ||     2

Table legend: (Time is in decaauts)
 A = Elapsed time spent in this place.
 B = Non-inter-level travel time spent in this place.
 C = Inter-level travel time spent in this place.
 D = Time resting spent in this place.
 E = Time spent auto-exploring this place.
 F = Levels seen in this place.
 G = Mean time per level.
                   A        B        C        D        E       F      G
               +--------+--------+--------+--------+--------+-----+--------+
         Total |   3540 |   3370 |    170 |    987 |   1558 |   3 | 1180.0 |
       Dungeon |   3540 |   3370 |    170 |    987 |   1558 |   3 | 1180.0 |
               +--------+--------+--------+--------+--------+-----+--------+

Top non-repeatable levels by time:
     D:1: 1484 daAuts
     D:2: 1247 daAuts
     D:3: 808 daAuts
